 Dungeon Crawl Stone Soup version 0.21-a0-440-g28109cb (webtiles) character file.

61 dududu the Insei (level 3, 0/29 HPs)
             Began as a Demigod Transmuter on Nov 4, 2017.
             Succumbed to a worker ant's poison
             ... on level 2 of the Dungeon on Nov 10, 2017.
             The game lasted 00:12:09 (2592 turns).

dududu the Insei (Demigod Transmuter)               Turns: 2592, Time: 00:12:10

Health: 0/29       AC:  2    Str: 13    XL:     3   Next: 58%
Magic:  8/8        EV: 12    Int: 19    God:
Gold:   92         SH:  0    Dex: 16    Spells: 2/5 levels left

rFire    . . .     SeeInvis .     - Unarmed
rCold    . . .     Gourm    .   (no shield)
rNeg     . . .     Faith    .   b - +0 robe
rPois    .         Spirit   .   (no helmet)
rElec    .         Reflect  .   (no cloak)
rCorr    .         Harm     .   (no gloves)
MR       .....                  (no boots)
Stlth    +.........             (no amulet)
HPRegen  0.09/turn              (no ring)
MPRegen  0.11/turn              (no ring)

@: lethally poisoned (0 -> -10), flying, very slightly contaminated
A: high mp 1
a: no special abilities


You were on level 2 of the Dungeon.
You were not hungry.

You visited 1 branch of the dungeon, and saw 2 of its levels.

You collected 92 gold pieces.

Inventory:

Missiles
 a - 9 arrows
 k - 25 sling bullets
 l - 28 stones (quivered)
Armour
 b - a +0 robe (worn)
 h - a +0 ring mail
Scrolls
 e - a scroll of blinking
 i - 3 scrolls of identify {unknown}
 j - 3 scrolls of enchant weapon {unknown}
Books
 c - a book of Changes

   Spells                             Type                      Level
   a - Beastly Appendage              Transmutation                1
   b - Sticks to Snakes               Transmutation                2
   c - Spider Form                    Transmutation/Poison         3
   d - Ice Form                       Ice/Transmutation            4
   e - Blade Hands                    Transmutation                5
Comestibles
 d - a bread ration
 g - 3 meat rations


   Skills:
 + Level 2.0 Fighting
 - Level 1.7 Dodging
 + Level 3.3 Unarmed Combat
 - Level 1.7 Spellcasting
 + Level 2.5 Transmutations


You had 2 spell levels left.
You knew the following spells:

 Your Spells              Type           Power        Failure   Level  Hunger
a - Beastly Appendage     Tmut           ##....       6%          1    #......
b - Sticks to Snakes      Tmut           ##......     9%          2    ###....


Dungeon Overview and Level Annotations

Branches:
Dungeon (2/15)

Annotations:
D:1 exclusions: jackal and 1 more exclusion


Innate Abilities, Weirdness & Mutations

You have an increased reservoir of magic. (+10% MP)


Message History

You hit the worker ant.
You kill the worker ant!
Your Fighting skill increases to level 2!
* * * LOW HITPOINT WARNING * * *
You feel sick.
It was a potion of flight.
You feel very buoyant.
You fly up into the air.
* * * LOW HITPOINT WARNING * * *
You feel sick.
You aren't carrying any items that you can evoke.
Blink to where?
Press: ? - help, Dir - move target cursor, f - you Are you sure you want to cancel this blink?
Blink to where?
Press: ? - help, Dir - move target cursor You are very lightly contaminated with residual magic.
As you read the scroll labeled GIGOOM RAMOI, it crumbles to dust.
It was a scroll of blinking.
You die...

################ #..............#
#.############.##### #.#
#....§....# #.# #.###†###.#
##.####### #.# ##......... #.#
##..####### #.###.# ##..# #@....#
##..# #####.############ ##.>#
#.#........... ##..####
#.........)... ##..##.##
#.#.########.. ..#.#.#.## #.#.#
#.. ##.....#.# #.#.## #..
##.......###########....#######..
#[.##.#.........................


There were no monsters in sight!

Vanquished Creatures
  A worker ant (D:2)
  A worm (D:2)
  A dart slug (D:1)
  2 leopard geckos
  A giant cockroach (D:1)
  4 goblins
  4 hobgoblins
  A ball python zombie (D:1)
  2 bats (D:1)
  6 frilled lizards
  A giant cockroach zombie (D:1)
  3 kobolds
  2 rats
29 creatures vanquished.

Vanquished Creatures (collateral kills)
  A worm (D:2)
1 creature vanquished.

Grand Total: 30 creatures vanquished

Notes
Turn   | Place    | Note
-------+----------+-------------------------------------------
     0 | D:1      | dududu the Demigod Transmuter began the quest for the Orb.
     0 | D:1      | Reached XP level 1. HP: 15/15 MP: 5/5
   199 | D:1      | Reached skill level 1 in Fighting
   562 | D:1      | Reached XP level 2. HP: 14/23 MP: 5/7
   566 | D:1      | Learned a level 2 spell: Sticks to Snakes
  1117 | D:1      | Reached skill level 3 in Unarmed Combat
  1634 | D:2      | Upgraded the game from 0.21-a0-421-gfc1ce30 to 0.21-a0-437-ge5bf024
  2087 | D:2      | Reached XP level 3. HP: 28/29 MP: 6/8
  2576 | D:2      | Upgraded the game from 0.21-a0-437-ge5bf024 to 0.21-a0-440-g28109cb
  2591 | D:2      | HP: 1/29 [poisoned by a worker ant]
  2592 | D:2      | Succumbed to a worker ant's poison

Vault maps used:
D:1:      saegor_arrival_fortress, serial_park_tiny_1, minmay_lizard_pond

Skill      XL: |  1  2  3 |
---------------+----------+-----
Fighting       | 1 2 |  2.0
Transmutations | 2 |  2.5
Unarmed Combat | 3 |  3.3
Dodging        | |  1.7
Spellcasting   | |  1.7

Action                   || total
-------------------------++-------
Melee: Unarmed           ||   102
       Headbutt          ||    15
       Kick              ||     8
       Punch             ||     1
Throw: Stone             ||     9
 Cast: Beastly Appendage ||    28
       Sticks to Snakes  ||     3
  Use: Scroll            ||     1
       Potion            ||     1
 Stab: Sleeping          ||     1
  Eat: Chunk             ||     6
Armor: Robe              ||     8
Dodge: Dodged            ||    45

Table legend:
 A = Spawn XP
 B = Non-spawn XP
 C = Spawn XP percentage of total XP
 D = Spawn monster count
 E = Non-spawn monster count
 F = Spawn count percentage of total count
 G = Total turns spent on level
                    A         B        C        D         E        F      G
               +---------+---------+-------+---------+---------+-------+---------
         Total |       0 |      88 |   0.0 |       0 |      30 |   0.0 |  2592
               +---------+---------+-------+---------+---------+-------+---------
           D:1 |       0 |      34 |   0.0 |       0 |      20 |   0.0 |  1575
           D:2 |       0 |      54 |   0.0 |       0 |      10 |   0.0 |  1017
               +---------+---------+-------+---------+---------+-------+---------
